 Dungeon Crawl Stone Soup version 0.31-a0-771-g505c3d19dc (webtiles) character file.

Game seed: 11579025937440376708

92 dialectric the Cudgeller (level 4, 0/35 HPs)
             Began as a Demonspawn Berserker on Sept 16, 2023.
             Was a Follower of Lugonu.
             Slain by an iguana (11 damage)
             ... on level 4 of the Dungeon.
             The game lasted 00:02:44 (3076 turns).

dialectric the Cudgeller (Demonspawn Berserker)     Turns: 3076, Time: 00:02:45

Health: 0/35       AC:  3    Str: 18 (19) XL:     4   Next: 35%
Magic:  4/4        EV: 12    Int: 10      God:    Lugonu [*.....]
Gold:   132        SH:  0    Dex: 13      Spells: 3/3 levels left

rFire   . . .        g - +2 dagger (flame)
rCold   . . .        (no shield)
rNeg    . . .        b - +0 animal skin
rPois   .            v - +0 helmet
rElec   .            (no cloak)
rCorr   .            (no gloves)
SInv    .            (no boots)
Will    .....        (no amulet)
Stlth   +            (no ring)
HPRegen 0.25/turn    (no ring)
MPRegen 0.09/turn

%: no passive effects
@: no status effects
A: big brain 1
a: Renounce Religion, Depart the Abyss


You were on level 4 of the Dungeon.
You worshipped Lugonu.
Lugonu was aware of your devotion.
You visited 1 branch of the dungeon, and saw 4 of its levels.

You collected 153 gold pieces.
You spent 21 gold pieces at shops.

Inventory:

Hand Weapons
 a - a +0 mace
 g - a +2 dagger of flaming (weapon)
Missiles
 l - a throwing net
Armour
 b - a +0 animal skin (worn)
 v - a +0 helmet (worn)
Scrolls
 c - 3 scrolls of amnesia {unknown}
 f - 3 scrolls of identify {unknown}
 h - a scroll of noise {unknown}
 i - a scroll of enchant armour {unknown}
 o - a scroll of torment {unknown}
 p - a scroll of immolation {unknown}
 r - a scroll of revelation {unknown}
 s - a scroll of poison {unknown}
 t - a scroll of teleportation {unknown}
Potions
 d - 2 potions of enlightenment {unknown}
 e - 3 potions of curing {unknown}
 j - a potion of lignification {unknown}
 k - 2 potions of attraction {unknown}
 m - a potion of magic {unknown}
 n - 2 potions of might {unknown}
 q - a potion of resistance {unknown}
 u - a potion of haste {unknown}


   Skills:
 - Level 3.3 Fighting
 + Level 0.6 Short Blades
 + Level 3.5 Maces & Flails
 + Level 2.0 Armour
 * Level 2.9 Dodging
 + Level 0.5 Stealth


You had 3 spell levels left.
You didn't know any spells.
Your spell library contained the following spells:

 Spells                   Type           Power      Damage    Failure   Level
 Magic Dart               Conj           0%         1d3       36%         1
 Call Imp                 Summ           0%         N/A       50%         2
 Mephitic Cloud           Conj/Pois/Air  0%         N/A       75%         3
 Stone Arrow              Conj/Erth      0%         3d7       75%         3
 Animate Armour           Summ/Erth      0%         N/A       98%         4
 Lehudib's Crystal Spear  Conj/Erth      0%         10d2      100%        8


Dungeon Overview and Level Annotations

Branches:
Dungeon (4/15)
 Temple: D:4-7

Altars:
Gozag
Lugonu

Shops:
D:3 *


Innate Abilities, Weirdness & Mutations

You have an unusually large brain. (Int +2)


Message History

Things that are here:
a +0 dagger; 6 poisoned darts; a kobold corpse An iguana comes into view.
An iguana is nearby!
An endoplasm comes into view.
The endoplasm quivers.
The iguana bites you.
You hit the iguana. You burn the iguana.
The iguana is lightly wounded.
The iguana barely misses you.
You hit the iguana. You burn the iguana.
The iguana is moderately wounded.
The iguana closely misses you.
You hit the iguana. You burn the iguana.
The iguana is heavily wounded.
The iguana closely misses you.
You hit the iguana but do no damage.
The iguana is heavily wounded.
The iguana bites you!
You hit the iguana. You burn the iguana.
The iguana is severely wounded.
The iguana bites you!
You are too injured to fight recklessly!
You are too injured to fight recklessly!
You are too injured to fight recklessly!
You are too injured to fight recklessly!
You are too injured to fight recklessly!
You are too injured to fight recklessly!
You are too injured to fight recklessly!
You are too injured to fight recklessly!
Unknown command.
You aren't in the Abyss!
Unknown command.
You hit the iguana but do no damage. You punch the iguana, but do no damage.
The iguana is severely wounded.
The iguana misses you.
You barely miss the iguana.
The iguana is severely wounded.
The iguana bites you!
You die...

#.###.#. ......
.....# ..# .....
#.# #...# .# #.#
#.#.#.... #.#
##.l...# #.#
#.@# #.# #.## .
#.######.##....
#<##..........#
#.##).....#.#...
#...........#
#........####
#........#
#.#....#.#


You could see an iguana.

Vanquished Creatures
  2 adders (D:2)
  3 dart slugs
  9 endoplasms
  3 giant cockroaches (D:1)
  3 goblins (D:1)
  6 hobgoblins
  7 jackals
  3 quokkas
  3 ball pythons
  4 bats
  5 frilled lizards
  9 kobolds
  5 rats
62 creatures vanquished.

Notes
Turn   | Place    | Note
-------+----------+-------------------------------------------
     0 | D:1      | dialectric the Demonspawn Berserker began the quest for the
                  | Orb.
     0 | D:1      | Reached XP level 1. HP: 18/18 MP: 1/1
   208 | D:1      | Gained mutation: You have an unusually large brain. (Int
                  | +2) [demonic ancestry]
   208 | D:1      | Reached XP level 2. HP: 21/24 MP: 2/2
   382 | D:1      | Reached ** piety under Trog
   515 | D:1      | Reached XP level 3. HP: 29/29 MP: 3/3
  1273 | D:2      | Found a faded altar of an unknown god.
  1288 | D:2      | Prayed at the altar of an unknown god.
  1288 | D:2      | Fell from the grace of Trog
  1288 | D:2      | Became a worshipper of Lugonu the Unformed
  1288 | D:2      | Reached * piety under Lugonu
  1475 | D:2      | Reached XP level 4. HP: 35/35 MP: 4/4
  1681 | D:2      | Banished a polar bear
  1681 | D:2      | Banished a black bear
  1681 | D:2      | Banished a black bear
  1681 | D:2      | Banished a black bear
  1988 | D:3      | Found an opulent altar of Gozag.
  2368 | D:3      | Found Xakuepne's Assorted Antiques.
  2376 | D:3      | Bought a sedimented clear potion for 21 gold pieces
  3076 | D:4      | Slain by an iguana

Illustrated notes

Levels and vault maps discovered:
D:1:      erik_arrival_cave_to_civilisation [erik_arrival_cave_to_hall],
          layout_basic, minmay_misc_feat_roman
D:2:      minmay_wonky_spiral, layout_loops_corners,
          ebering_ecumenical_altar_box
D:3:      layout_basic, lemuel_crystal_altar, serial_shops, shop,
          grunt_ministairs_15
D:4:      nicolae_cairo_tiling_large_dashed, layout_loops_ring,
          nicolae_vehumet_radiance, serial_shops, nicolae_shop_gaudy_bauble,
          st_stairs_10

Skill      XL: |  1  2 |
---------------+-------+-----
Armour         | 2 |  2.0
Maces & Flails | 3 |  3.5
Dodging        | 2 |  2.9
Fighting       | |  3.3
Short Blades   | |  0.6
Stealth        | |  0.5

Action                     |  1- 3 |  4- 6 || total
---------------------------+-------+-------++-------
  Melee: Mace              |    49 |       ||    49
         Punch             |     2 |     2 ||     4
         Dagger            |    85 |    62 ||   147
 Invoke: Berserk           |     1 |       ||     1
   Stab: Sleeping          |     3 |     2 ||     5
 Armour: Animal skin       |    71 |    32 ||   103
  Dodge: Dodged            |    90 |    46 ||   136

Table legend: (Time is in decaauts)
 A = Elapsed time spent in this place.
 B = Non-inter-level travel time spent in this place.
 C = Inter-level travel time spent in this place.
 D = Time resting spent in this place.
 E = Time spent auto-exploring this place.
 F = Levels seen in this place.
 G = Mean time per level.
                   A        B        C        D        E       F      G
               +--------+--------+--------+--------+--------+-----+--------+
         Total |   3090 |   3027 |     63 |      0 |   2579 |   4 |  772.5 |
       Dungeon |   3090 |   3027 |     63 |      0 |   2579 |   4 |  772.5 |
               +--------+--------+--------+--------+--------+-----+--------+

Top non-repeatable levels by time:
     D:2: 1112 daAuts
     D:3: 1072 daAuts
     D:1: 883 daAuts
     D:4: 22 daAuts
